 Dungeon Crawl Stone Soup version 0.28-a0-724-g66f9036eb4 (webtiles) character file.

Game seed: 17326942327450250362

25 RepHenryClay the Conjurer (level 3, -4/28 HPs)
             Began as a Naga Conjurer on Oct 26, 2021.
             Slain by Terence (8 damage)
             ... on level 2 of the Dungeon.
             The game lasted 00:01:45 (1381 turns).

RepHenryClay the Conjurer (Naga Conjurer)           Turns: 1381, Time: 00:01:45

Health: -4/28      AC:  6    Str: 15    XL:     3   Next: 6%
Magic:  2/6        EV:  9    Int: 19    God:
Gold:   11         SH:  0    Dex:  9    Spells: 3/6 levels left

rFire   . . .      SeeInvis +   (no weapon)
rCold   . . .      Faith    .   (no shield)
rNeg    . . .      Spirit   .   h - +3 leather armour
rPois   +          Reflect  .   (no helmet)
rElec   .          Harm     .   (no cloak)
rCorr   .          Rampage  .   j - +0 pair of gloves
Will    .....                   (no barding)
Stlth   ++........              (no amulet)
HPRegen 0.09/turn               c - +6 ring of strength
MPRegen 0.10/turn               (no ring)

@: very slow
A: AC +1, large, see invisible, deformed body, poison resistance, slowness 2,
spit poison 1, naga tail 1
a: Spit Poison


You were on level 2 of the Dungeon.
You visited 1 branch of the dungeon, and saw 2 of its levels.

You collected 11 gold pieces.

Inventory:

Armour
 a - a +0 robe
 h - a +3 leather armour (worn)
 j - a +0 pair of gloves (worn)
Jewellery
 c - a +6 ring of strength (left hand)
Scrolls
 d - a scroll of summoning {unknown}
 e - a scroll of identify {unknown}
 f - a scroll of amnesia {unknown}
 k - 2 scrolls of fog {unknown}
Potions
 b - a potion of curing


   Skills:
 - Level 1.5 Dodging
 - Level 3.0 Stealth
 - Level 2.0 Spellcasting
 + Level 4.9 Conjurations


You had 3 spell levels left.
You knew the following spells:

 Your Spells              Type           Power      Damage    Failure   Level
a - Magic Dart            Conj           80%        1d7       2%          1
b - Searing Ray           Conj           40%        2d5       4%          2

Your spell library contained the following spells:

 Spells                   Type           Power      Damage    Failure   Level
 Dazzling Flash           Conj/Hex       22%        N/A       22%         3
 Fulminant Prism          Conj/Hex       5%         3d7       58%         4
 Iskenderun's Mystic Bla  Conj/Tloc      11%        2d4       58%         4


Dungeon Overview and Level Annotations

Branches:
Dungeon (2/15)

Altars:
Okawaru

Shops:
D:1 *

Annotations:
D:2 Terence


Innate Abilities, Weirdness & Mutations

Your serpentine skin is tough. (AC +1)
You have supernaturally acute eyesight. (SInv)
Armour fits poorly on your strangely shaped body.
Your system is resistant to poisons. (rPois)
You cover ground very slowly.
You can spit poison.
You have a snake-like lower body.


Message History

Terence hits you with a +4 mace of protection!
* * * LOW HITPOINT WARNING * * *
Huge Dmg: -25%(-7hp) hp: 29%(8hp)
Okay, then.
Okay, then.
Attack: -) Nothing wielded
Press: ? - help, Dir - move target, f/p - Terence
Aim: Terence, wielding a +4 mace of protection and wearing a +0 scale mail (about 44% to evade your hands)
Okay, then.
Unknown command.
Unknown command.
Casting: Magic Dart (safe; 2% risk of failure)
Confirm with . or Enter, or press ? or * to list all spells.
Aiming: Searing Ray (safe; 4% risk of failure)
Press: ? - help, Shift-Dir - straight line, f/p - Terence
Aim: Terence, wielding a +4 mace of protection and wearing a +0 scale mail (81% to hit)
Okay, then.
Unknown command.
Unknown command.
Unknown command.
Casting: Searing Ray (safe; 4% risk of failure)
Confirm with . or Enter, or press ? or * to list all spells.
Aiming: Searing Ray (safe; 4% risk of failure)
Press: ? - help, Shift-Dir - straight line, f/p - Terence
Aim: Terence, wielding a +4 mace of protection and wearing a +0 scale mail (81% to hit)
The searing ray hits Terence.
Terence is moderately wounded. (Press . to maintain the ray.) Terence hits you with a +4 mace of protection.
* * * LOW HITPOINT WARNING * * *
Huge Dmg: -14%(-4hp) hp: 15%(4hp)
The searing ray hits Terence but does no damage.
Terence is moderately wounded.
Terence barely misses you.
Unknown command.
The searing ray hits Terence but does no damage.
Terence is moderately wounded.
You have got your breath back.
Terence hits you with a +4 mace of protection!
You die...

####+## #####.###
###...## #.......#
##.....## #.###.#.#
#.......###.##..#.#
.........##.#.....#
.........'.†......#
.........##.......#
#.......######.##.#
##.....## #######@#
##...## #.<....@#
##+## #.#####.# #.#
#..# ..... #.#....
#.#.._.. # #......


You could see Terence.

Vanquished Creatures
  An adder (D:2)
  A dart slug (D:1)
  A ball python (D:1)
  A bat (D:2)
  An endoplasm (D:2)
  A giant cockroach (D:1)
  2 hobgoblins
  2 quokkas
  2 frilled lizards
  A kobold (D:1)
  A rat (D:2)
14 creatures vanquished.

Notes
Turn   | Place    | Note
-------+----------+-------------------------------------------
     0 | D:1      | RepHenryClay the Naga Conjurer began the quest for the Orb.
     0 | D:1      | Reached XP level 1. HP: 15/15 MP: 3/3
   216 | D:1      | Found Koxtesh's General Store.
   667 | D:1      | Reached XP level 2. HP: 22/22 MP: 0/5
   996 | D:2      | Learned a level 2 spell: Searing Ray
  1030 | D:2      | Found a faded altar of an unknown god.
  1278 | D:2      | Reached XP level 3. HP: 25/28 MP: 0/6
  1367 | D:2      | Found an iron altar of Okawaru.
  1370 | D:2      | Noticed Terence
  1381 | D:2      | Slain by Terence

Illustrated notes

Levels and vault maps discovered:
D:1:      dpeg_arrival_ternary, layout_basic, serial_shops, shop,
          kennysheep_small_spiral
D:2:      layout_loops_corners, serial_shops, shop,
          chequers_ecumenical_altar_simple, basic_altar, minmay_box_of_dots,
          uniq_sigmund, uniq_terence

Action                   || total
-------------------------++-------
Melee: Unarmed           ||     3
 Cast: Magic Dart        ||    28
       Searing Ray       ||     1
 Abil: Spit Poison       ||     3
  Use: Potion            ||     3
Armor: Leather armour    ||     3
Dodge: Dodged            ||    13

Table legend: (Time is in decaauts)
 A = Elapsed time spent in this place.
 B = Non-inter-level travel time spent in this place.
 C = Inter-level travel time spent in this place.
 D = Time resting spent in this place.
 E = Time spent auto-exploring this place.
 F = Levels seen in this place.
 G = Mean time per level.
                   A        B        C        D        E       F      G
               +--------+--------+--------+--------+--------+-----+--------+
         Total |   1705 |   1697 |      8 |    207 |   1338 |   2 |  852.5 |
       Dungeon |   1705 |   1697 |      8 |    207 |   1338 |   2 |  852.5 |
               +--------+--------+--------+--------+--------+-----+--------+

Top non-repeatable levels by time:
     D:1: 1107 daAuts
     D:2: 597 daAuts
